Description

This is Maru's current opener - shows army and upgrade priorities against TvT.

Credit to GM_Ody for the Youtube VOD and analysis of this build. Credit to DTNA for the original build order upload. I just added the army timings and some notes for newer players.

VOD

https://youtu.be/LqA9InMoqJQ

Replay - Learn From Pros 8 - Maru 2-1-1

Build Order

Get SALT Encoding   

  14  0:16  Supply Depot  
  15  0:40  Barracks  
  16  0:44  Refinery  Scout at 18 Supply - 1:05
  19  1:27  Orbital Command  
  20  1:28  Reaper  
  20  1:42  Command Center  
  21  1:54  Supply Depot  
  22  2:00  Reaper  
  23  2:09  Barracks  
  23  2:15  Bunker  Scouting SCV builds on return
  24  2:30  Factory  Build while 2nd Rax @ +- 50%
  25  2:32  Marine  Into bunker
  26  2:38  Refinery  
  26  2:50  Barracks Reactor  
  27  2:53  Orbital Command  
  27  2:56  Barracks Tech Lab  
  29  3:14  Hellion, Stimpack  
  33  3:26  Supply Depot  
  38  3:38  Starport  
  39  3:41  Factory Reactor  Swap in Starport when complete
  42  3:54  Supply Depot  
  55  4:26  Medivac x2  
  60  4:33  Supply Depot  
  60  4:34  Refinery  
  60  4:35  Factory Tech Lab  
  61  4:43  Engineering Bay  
  62  4:49  Supply Depot  
  69  4:56  Siege Tank  At 5:00 grab marines with 2x Medivacs and drop
  69  5:05  Combat Shield  
  70  5:12  Barracks  Lift Starport and build Baracks on Reactor
  73  5:16  Terran Infantry Armor Level 1  
  73  5:20  Supply Depot  
  74  5:21  Starport Reactor  
  74  5:25  Refinery  
  78  5:33  Command Center  In Main
  86  6:18  Barracks x2  
Spawning Tool Build Advisor. Get it on Overwolf

Go to:

Details

  • Created by: Pappag6
  • Published on: May 15, 2023
  • Modified on: May 18, 2023
  • Patch: 5.0.11
  • Difficulty: Hard
Show
View Real Time Build Order
Export as new Build Order

Comments (1)

On March 20, 2024, 9:01 p.m., noobsc2  said:

In TvT struggles with rushed battlecruisers or reactored cyclone attacks if not scouted

Create an account to comment!